 Dungeon Crawl Stone Soup version 0.13-b1-23-g6bc71ad (webtiles) character file.

1245 Kae the Conjurer (level 8, -16/41 HPs)
             Began as a Tengu Fire Elementalist on Oct 1, 2013.
             Was a Follower of Vehumet.
             Engulfed by their own flame (20 damage)
             ... on Level 5 of the Dungeon.
             The game lasted 00:13:16 (5409 turns).

Kae the Conjurer (Tengu Fire Elementalist)          Turns: 5409, Time: 00:13:16

HP -16/41        AC  3     Str  8      XL: 8   Next: 21%
MP  17/20        EV 12     Int 19      God: Vehumet [*.....]
Gold 232         SH  0     Dex 11      Spells:  5 memorised,  2 levels left

Res.Fire  : . . .   See Invis. : .   i - +1,+0 short sword
Res.Cold  : . . .   Warding    : .   a - +0 robe
Life Prot.: . . .   Conserve   : .   (no shield)
Res.Poison: .       Res.Corr.  : +   (helmet restricted)
Res.Elec. : .       Clarity    : .   D - +0 cloak
Sust.Abil.: . .     Spirit.Shd : .   (no gloves)
Res.Mut.  : .       Stasis     : .   (boots unavailable)
Res.Rott. : .       Flight     : .   p - cursed amulet of resist corrosion
Saprovore : . . .                    h - ring of flight
                                     j - cursed -3 ring of dexterity

@: slightly resistant to hostile enchantments, fairly stealthy
A: able to fly, beak, talons 3
a: Fly, Renounce Religion, Evoke Flight


You were on level 5 of the Dungeon.
You worshipped Vehumet.
Vehumet was aware of your devotion.
You were hungry.

You visited 2 branches of the dungeon, and saw 6 of its levels.

You collected 212 gold pieces.

Inventory:

Hand weapons
 i - a +1,+0 short sword (weapon)
Missiles
 s - 2 silver darts
 w - 2 darts (quivered)
 y - 14 darts of dispersal
 A - 15 exploding darts
Armour
 a - a +0 robe (worn)
 D - a +0 cloak (worn)
Magical devices
 e - a wand of fireball (5)
 g - a wand of polymorph (13)
Comestibles
 c - 6 bread rations
 f - 10 grapes
 n - a cheese
 q - 2 apples
 r - a meat ration
 x - 3 rotting chunks of gnoll flesh
 z - a rotting chunk of giant newt flesh
Scrolls
 l - 3 scrolls of identify
 o - a scroll of curse jewellery
 u - a scroll of teleportation
Jewellery
 h - a ring of flight (right hand)
 j - a cursed -3 ring of dexterity (left hand)
 p - a cursed amulet of resist corrosion (around neck)
 B - an uncursed ring of fire {unknown}
 C - an uncursed amulet of faith {unknown}
Potions
 d - 2 potions of restore abilities {unknown}
 k - a potion of heal wounds
 m - a potion of speed {unknown}
 t - 7 potions of curing {unknown}
 v - a potion of resistance {unknown}
Books
 b - a book of Flames

   Spells                             Type                      Level
   *Flame Tongue                      Conjuration/Fire             1
   *Throw Flame                       Conjuration/Fire             2
   *Conjure Flame                     Conjuration/Fire             3
   *Inner Flame                       Hexes/Fire                   3
   *Sticky Flame                      Conjuration/Fire             4
   Fireball                           Conjuration/Fire             5


   Skills:
 - Level 2.1 Dodging
 - Level 2.0 Stealth
 + Level 4.1 Spellcasting
 * Level 8.8 Conjurations
 + Level 5.9 Fire Magic


You had 2 spell levels left.
You knew the following spells:

 Your Spells              Type           Power        Failure   Level  Hunger
a - Flame Tongue          Conj/Fire      ####.        1%          1    None
b - Throw Flame           Conj/Fire      ####..       1%          2    #......
c - Conjure Flame         Conj/Fire      ####....     1%          3    ###....
d - Inner Flame           Hex/Fire       ###.....     14%         3    ###....
e - Sticky Flame          Conj/Fire      ####....     10%         4    ####...


Dungeon Overview and Level Annotations

Branches:
Dungeon (5/27)             Temple (1/1) D:4

Altars:
Ashenzari
Cheibriados
Fedhas
Makhleb
Nemelex Xobeh
Sif Muna
Vehumet
Xom
Zin


Innate Abilities, Weirdness & Mutations

You can fly.
You have a beak for a mouth.
You have claws for feet.


Message History

Confirm with . or Enter, or press ? or * to list all spells.
Aiming: Inner Flame
Press: ? - help, Shift-Dir - straight line, f - rat
Aim: a rat The rat is filled with an inner flame.
The crimson imp blinks!
The rat barely misses you.
You hit the rat. Your peck misses the rat.
The rat is moderately wounded.
The crimson imp shouts, "Return whence thou came, thou baffled nose-picking skainsmate!"
The rat barely misses you.
You hit the rat.
The rat explodes!
The fiery explosion engulfs you!
* * * LOW HITPOINT WARNING * * *
Vehumet accepts your kill.
You can now gain magical power from killing.
Vehumet offers you knowledge of Magic Dart.
You are engulfed in roaring flames.
One of your 2 scrolls of teleportation catches fire!
You die...

######### .........# #.........#
#.........# #.........#
#.........# ### #<........# ##..
#...§§@...##### #...
#...§§§.......######...
#..5.§§..........<.....
##########.........###.######...
#..........####..### #.# #...
#..........####..#####.## #...
#...........)...........# #.##
#..........###.)........#####.##
#..........# #..................


You could see a crimson imp.

Vanquished Creatures
  The ghost of Czerbonog the Skirmisher, an average GrFi (D:3)
  2 ogres
  A centaur zombie (D:5)
  2 hounds
  3 orc priests
  3 orc wizards
  A scorpion (D:5)
  A gnoll shaman (D:5)
  3 worker ants
  Jessica (D:3)
  12 adders
  4 gnolls (D:5)
  A white imp (D:5)
  3 worms (D:4)
  An adder skeleton (D:4)
  A giant eyeball (D:4)
  A giant gecko (D:2)
  19 orcs
  2 ball pythons (D:1)
  3 giant cockroaches
  10 goblins
  10 hobgoblins
  16 jackals
  18 bats
  6 giant newts
  A hobgoblin zombie (D:5)
  5 kobolds
  A kobold skeleton (D:4)
  27 rats
  A rat zombie (D:5)
160 creatures vanquished.

Notes
Turn   | Place    | Note
--------------------------------------------------------------
     0 | D:1      | Kae, the Tengu Fire Elementalist, began the quest for the Orb.
     0 | D:1      | Reached XP level 1. HP: 10/10 MP: 3/3
   151 | D:1      | Reached XP level 2. HP: 15/15 MP: 3/5
   870 | D:2      | Reached XP level 3. HP: 13/19 MP: 7/7
  1238 | D:2      | Reached XP level 4. HP: 22/24 MP: 3/8
  1264 | D:2      | Reached skill level 4 in Conjurations
  1769 | D:3      | Reached XP level 5. HP: 28/28 MP: 6/11
  1809 | D:3      | Noticed Czerbonog's ghost (average GrFi)
  1874 | D:2      | Learned a level 2 spell: Throw Flame
  1878 | D:2      | Learned a level 3 spell: Conjure Flame
  1885 | D:3      | Killed Czerbonog's ghost
  1885 | D:3      | Reached skill level 5 in Conjurations
  1885 | D:3      | Reached XP level 6. HP: 20/32 MP: 6/13
  2109 | D:3      | Noticed Jessica
  2123 | D:3      | Killed Jessica
  2123 | D:3      | Reached skill level 6 in Conjurations
  3527 | D:4      | Reached skill level 7 in Conjurations
  3527 | D:4      | Reached XP level 7. HP: 36/36 MP: 12/16
  3590 | D:4      | Reached skill level 5 in Fire Magic
  3595 | D:4      | Learned a level 3 spell: Inner Flame
  3927 | D:4      | Found a staircase to the Ecumenical Temple.
  3938 | Temple   | Entered the Ecumenical Temple
  4016 | Temple   | Became a worshipper of Vehumet
  4610 | D:4      | Learned a level 4 spell: Sticky Flame
  4634 | D:5      | Entered Level 5 of the Dungeon
  4836 | D:5      | Reached skill level 8 in Conjurations
  4919 | D:5      | Reached XP level 8. HP: 41/41 MP: 10/19
  5409 | D:5      | Acquired Vehumet's first power
  5409 | D:5      | Offered knowledge of Magic Dart by Vehumet.
  5409 | D:5      | Engulfed by their own flame

Action                   |  1- 3 |  4- 6 |  7- 9 || total
-------------------------+-------+-------+-------++-------
Melee: Unarmed           |    11 |       |       ||    11
       Short sword       |    42 |     6 |    52 ||   100
 Cast: Flame Tongue      |    53 |   110 |   126 ||   289
       Conjure Flame     |       |     2 |     3 ||     5
       Throw Flame       |       |     5 |     9 ||    14
       Sticky Flame      |       |       |     1 ||     1
       Inner Flame       |       |       |     1 ||     1
Evoke: Wand              |       |       |     6 ||     6
  Use: Potion            |     1 |     1 |       ||     2
       Scroll            |       |     5 |     3 ||     8
 Stab: Sleeping          |     2 |       |       ||     2
